 Dungeon Crawl Stone Soup version 0.21.0-30-g47ce8e4 (webtiles) character file.

11303 Amaterasu the Cleaver (level 12, -31/92 HPs)
             Began as a Formicid Fighter on Jan 28, 2018.
             Was an Initiate of Gozag.
             Killed from afar by an ice dragon (35 damage)
             ... with a blast of cold
             ... on level 10 of the Dungeon.
             The game lasted 00:15:25 (8291 turns).

Amaterasu the Cleaver (Formicid Fighter)            Turns: 8291, Time: 00:15:26

Health: -31/92     AC: 13    Str: 28    XL:     12   Next: 6%
Magic:  12/12      EV:  8    Int:  8    God:    Gozag
Gold:   1576       SH: 18    Dex: 14    Spells: 11/11 levels left

rFire    + . .     SeeInvis +   k - +11 lajatang of Death {vamp, *Corrode MR+ Str+4}
rCold    . . .     Gourm    .   e - +0 large shield
rNeg     . . .     Faith    .   s - +0 plate armour
rPois    .         Spirit   .   (helmet unavailable)
rElec    .         Reflect  .   (no cloak)
rCorr    .         Harm     .   (no gloves)
MR       +++..                  (no boots)
Stlth    ..........             (no amulet)
HPRegen  0.25/turn              D - ring of protection from fire (curse)
MPRegen  0.13/turn              i - ring of protection from magic

@: no status effects
A: permanent stasis, dig shafts and tunnels, four strong arms, antennae 3,
hooves 1, agile 1
a: Dig, Shaft Self, Potion Petition, Call Merchant, Bribe Branch, Renounce
Religion


You were on level 10 of the Dungeon.
You worshipped Gozag.
Gozag was most pleased with you.
You were not hungry.

You visited 1 branch of the dungeon, and saw 10 of its levels.

You collected 1899 gold pieces.
You spent 130 gold pieces at shops.
You paid 193 gold pieces to Gozag.

Inventory:

Hand Weapons
 a - a +1 war axe
 k - the +11 lajatang of Death (weapon) {vamp, *Corrode MR+ Str+4}
   (You acquired it on level 8 of the Dungeon)

   It inflicts no extra harm, but heals its wielder when it wounds a living foe.
   It affects your strength (+4).
   It affects your resistance to hostile enchantments.
   It may corrode you when you take damage.
 C - a +0 trident
Missiles
 r - 2 javelins (quivered)
Armour
 e - a +0 large shield (worn)
 s - a +0 plate armour (worn)
Jewellery
 h - an uncursed ring of stealth
 i - a ring of protection from magic (right hand)
 y - the ring "Vickakh" {rC+ rN++ Slay-3 SInv Stlth+}
   (You found it on level 7 of the Dungeon)

   [ring of protection from cold]

   It affects your accuracy and damage with ranged weapons and melee attacks
   (-3).
   It protects you from cold.
   It greatly protects you from negative energy.
   It lets you see invisible.
   It makes you more stealthy.
 B - an uncursed ring of positive energy
 D - a cursed ring of protection from fire (left hand)
Wands
 b - a wand of enslavement (8)
 n - a wand of clouds (5)
 q - a wand of acid (10)
 v - a wand of disintegration (12)
 z - a wand of iceblast (10)
Scrolls
 j - 4 scrolls of fog
 p - 2 scrolls of amnesia
 w - a scroll of magic mapping
 x - 2 scrolls of enchant weapon
 F - a scroll of remove curse
 H - a scroll of enchant armour
Potions
 c - 2 potions of curing
 d - 3 potions of haste
 g - 4 potions of might
 l - 2 potions of brilliance
 m - a potion of berserk rage
 o - 2 potions of flight
 t - a potion of ambrosia
 A - a potion of magic
 E - a potion of lignification {unknown}
 G - a potion of heal wounds
Comestibles
 f - 5 rations


   Skills:
 - Level 8.0 Fighting
 - Level 11.0 Axes
 + Level 7.6 Staves
 - Level 8.2 Armour
 - Level 4.1 Dodging
 - Level 9.0 Shields


You had 11 spell levels left.
You didn't know any spells.

Dungeon Overview and Level Annotations

Branches:
Dungeon (10/15)            Temple (0/1) D:4            Lair (0/6) D:9
    Orc: D:9-12

Altars:
Ashenzari
Cheibriados
Dithmenos
Gozag
Hepliaklqana
Makhleb
Nemelex Xobeh
Qazlal
Ru
Vehumet
Wu Jian
Xom
Yredelemnul
Zin

Shops:
D:5 =   D:10 ?


Innate Abilities, Weirdness & Mutations

You cannot be hasted, slowed, berserked, paralysed or teleported.
You can dig through walls and to a lower floor.
Your four strong arms can wield two-handed weapons with a shield.
You have a pair of large antennae on your head. (SInv)
You have large cloven feet.
You are agile. (Dex +2)


Message History

You slash the ice dragon!
You kick the ice dragon, but do no damage.
The ice dragon is heavily wounded.
The ice dragon breathes frost at you. The blast of cold hits you!
Ouch! That really hurt!
* * * LOW HITPOINT WARNING * * *
A fire crab comes into view.
You slice the ice dragon!!
You feel better.
Your kick misses the ice dragon.
The ice dragon is severely wounded.
The ice dragon bites you.
* * * LOW HITPOINT WARNING * * *
The ice dragon claws you but does no damage.
The ice dragon tramples you but does no damage.
You barely miss the ice dragon. You kick the ice dragon.
The ice dragon is severely wounded.
The ice dragon breathes frost at you. The blast of cold hits you!
You die...
Your body crumbles into a pile of gold.

...................).....#
............######>......#
.........####....#.......#
##########.......######..#
#.........# #..#
####)#####)## #..#
#.#...###...# #..#
##.'..##.....# #..#
#..#.##t...D@# #..#
#..###.############..#
##..##{ #.......# #.).##
#.......# #...# #.......#
#...# { #.......# . #...#
#.......#
...##'############.......#
.........................#


You could see an ice dragon and a fire crab.

Vanquished Creatures
  A tengu reaver (D:10)
  3 two-headed ogres
  Pikel (D:5)
  A necromancer (D:10)
  A deep elf mage (D:7)
  A centaur zombie (D:7)
  Joseph (D:8)
  A kobold demonologist (D:7)
  A tengu conjurer (D:10)
  Prince Ribbit (D:5)
  Grinder (D:3)
  A slime creature (D:7)
  Sigmund (D:5)
  A hungry ghost (D:8)
  A steam dragon (D:9)
  2 water moccasins
  4 sky beasts
  2 orc warriors
  An eye of draining (D:8)
  3 ice beasts
  4 ogres
  7 centaurs
  A big kobold (D:7)
  Blork the orc (D:6)
  8 bullfrogs
  A wyvern zombie (D:6)
  A water moccasin skeleton (D:6)
  A wight (D:7)
  13 killer bees
  6 crimson imps
  3 orc priests
  A bullfrog zombie (D:5)
  4 hounds
  A jelly (D:6)
  7 orc wizards
  2 iguanas
  A centaur skeleton (D:6)
  5 worker ants
  2 hound zombies
  2 hound skeletons
  2 worker ant zombies
  Robin (D:2)
  7 gnolls
  10 adders
  5 shadow imps
  2 adder skeletons
  3 worms
  2 dart slugs
  5 leopard geckos
  26 orcs
  5 giant cockroaches
  22 goblins
  11 hobgoblins
  15 jackals
  11 kobolds
  2 quokkas
  10 bats
  5 frilled lizards
  A jackal zombie (D:7)
  A leopard gecko zombie (D:8)
  A quokka skeleton (D:8)
  A quokka zombie (D:7)
  8 rats
256 creatures vanquished.

Vanquished Creatures (others)
  A slave (D:5)
  An adder (D:7)
2 creatures vanquished.

Grand Total: 258 creatures vanquished

Notes
Turn   | Place    | Note
-------+----------+-------------------------------------------
     0 | D:1      | Amaterasu the Formicid Fighter began the quest for the Orb.
     0 | D:1      | Reached XP level 1. HP: 18/18 MP: 1/1
   104 | D:1      | Reached XP level 2. HP: 19/24 MP: 2/2
   312 | D:1      | Reached skill level 3 in Axes
   356 | D:1      | Reached XP level 3. HP: 28/29 MP: 3/3
  1022 | D:2      | Reached skill level 4 in Axes
  1022 | D:2      | Reached XP level 4. HP: 22/35 MP: 4/4
  1148 | D:2      | Noticed Robin
  1165 | D:2      | Killed Robin
  1473 | D:2      | Reached XP level 5. HP: 41/41 MP: 5/5
  1627 | D:2      | Reached skill level 5 in Axes
  1689 | D:2      | Found an opulent altar of Gozag.
  1951 | D:2      | Became a worshipper of Gozag Ym Sagoz the Greedy
  2213 | D:3      | Gained mutation: You are agile. (Dex +2) [potion of mutation]
  2213 | D:3      | Gained mutation: You have large cloven feet. [potion of mutation]
  2445 | D:3      | Found a sacrificial altar of Ru.
  2608 | D:3      | Reached XP level 6. HP: 45/47 MP: 6/6
  2620 | D:3      | Noticed Grinder
  2636 | D:3      | Killed Grinder
  2636 | D:3      | Reached skill level 7 in Axes
  2636 | D:3      | Reached XP level 7. HP: 22/52 MP: 7/7
  2779 | D:3      | Found a sacrificial altar of Ru.
  2921 | D:3      | Found a shimmering altar of Xom.
  2927 | D:3      | Found a hazy altar of Hepliaklqana.
  2927 | D:3      | Noticed a soldier ant
  2929 | D:3      | Noticed a soldier ant
  2929 | D:3      | Noticed a spectral ugly thing
  3083 | D:4      | Found a radiant altar of Vehumet.
  3149 | D:4      | Found a staircase to the Ecumenical Temple.
  3285 | D:4      | Found a basalt altar of Yredelemnul.
  3356 | D:4      | Found a stormy altar of Qazlal.
  3358 | D:4      | Found a shadowy altar of Dithmenos.
  3528 | D:5      | Entered Level 5 of the Dungeon
  3528 | D:5      | Noticed Pikel
  3540 | D:5      | Killed Pikel
  3540 | D:5      | Reached XP level 8. HP: 51/60 MP: 8/8
  3564 | D:5      | Reached skill level 5 in Armour
  3565 | D:5      | Found a sparkling altar of Nemelex Xobeh.
  3972 | D:5      | Noticed Prince Ribbit
  3983 | D:5      | Killed Prince Ribbit
  4073 | D:5      | Found Noprepeu's Jewellery Shop.
  4162 | D:5      | Noticed Sigmund
  4166 | D:5      | Killed Sigmund
  4249 | D:5      | Reached XP level 9. HP: 68/69 MP: 9/9
  4411 | D:6      | Reached skill level 8 in Axes
  4451 | D:6      | Found a shattered altar of Ashenzari.
  4456 | D:6      | Noticed Blork the orc
  4466 | D:6      | Killed Blork the orc
  4489 | D:6      | Reached skill level 9 in Axes
  4529 | D:6      | Found an ornate altar of the Wu Jian Council.
  4718 | D:6      | Found a glowing silver altar of Zin.
  4888 | D:7      | Reached skill level 10 in Axes
  5047 | D:7      | Reached XP level 10. HP: 70/77 MP: 10/10
  5077 | D:7      | Got a wavering ivory ring
  5078 | D:7      | Noticed a deep elf mage
  5079 | D:7      | Noticed a kobold demonologist
  5090 | D:7      | Killed a deep elf mage
  5095 | D:7      | Noticed a soul eater
  5099 | D:7      | Noticed a sun demon
  5100 | D:7      | Killed a kobold demonologist
  5100 | D:7      | Reached skill level 1 in Dodging
  5168 | D:7      | Identified the ring "Vickakh" {rC+ rN++ Slay-3 SInv Stlth+} (You found it on level 7 of the Dungeon)
  5857 | D:8      | Noticed a two-headed ogre
  6216 | D:8      | Noticed Joseph
  6240 | D:8      | Killed Joseph
  6468 | D:8      | Reached XP level 11. HP: 79/86 MP: 11/11
  7063 | D:8      | Killed a two-headed ogre
  7263 | D:8      | Reached skill level 11 in Axes
  7266 | D:8      | Identified a scroll of acquirement
  7267 | D:8      | Got an ichor-stained lajatang
  7269 | D:8      | Identified the +11 lajatang of Death {vamp, *Corrode MR+ Str+4} (You acquired it on level 8 of the Dungeon)
  7356 | D:9      | Reached skill level 1 in Staves
  7461 | D:9      | Found a snail-covered altar of Cheibriados.
  7641 | D:9      | Found a burning altar of Makhleb.
  7765 | D:9      | Found a staircase to the Lair.
  8035 | D:10     | Entered Level 10 of the Dungeon
  8135 | D:10     | Found Nedexzir's Magic Scroll Boutique.
  8162 | D:10     | Bought a scroll of identify for 26 gold pieces
  8162 | D:10     | Bought a scroll of identify for 26 gold pieces
  8162 | D:10     | Bought a scroll of identify for 26 gold pieces
  8162 | D:10     | Bought a scroll of identify for 26 gold pieces
  8162 | D:10     | Bought a scroll of identify for 26 gold pieces
  8207 | D:10     | Noticed a two-headed ogre
  8218 | D:10     | Killed a two-headed ogre
  8229 | D:10     | Noticed a two-headed ogre
  8240 | D:10     | Killed a two-headed ogre
  8240 | D:10     | Reached skill level 5 in Staves
  8254 | D:10     | Noticed a tengu reaver
  8273 | D:10     | Killed a tengu reaver
  8273 | D:10     | Reached XP level 12. HP: 26/92 MP: 12/12
  8282 | D:10     | Noticed an ice dragon
  8289 | D:10     | HP: 3/92 [ice dragon/blast of cold (57)]
  8290 | D:10     | Noticed a fire crab
  8291 | D:10     | Killed from afar by an ice dragon

Skill      XL: |  1  2  3  4  5  6  7  8  9 10 11 |
---------------+----------------------------------+-----
Axes           | 3 4 5 7 10 11 | 11.0
Shields        | 6 7 9 |  9.0
Armour         | 4 5 8 |  8.2
Fighting       | 6 8 |  8.0
Dodging        | 2 4 |  4.1
Staves         | 7 |  7.6

Action                   |  1- 3 |  4- 6 |  7- 9 | 10-12 || total
-------------------------+-------+-------+-------+-------++-------
Melee: War axe           |    86 |   139 |   195 |   278 ||   698
       Kick              |       |    13 |    68 |   113 ||   194
       Lajatang          |       |       |       |    82 ||    82
Throw: Javelin           |       |       |     1 |       ||     1
Invok: Potion Petition   |       |       |       |     2 ||     2
 Abil: Dig               |       |       |       |     1 ||     1
  Use: Scroll            |     9 |     2 |     5 |    10 ||    26
       Potion            |       |     3 |       |     5 ||     8
 Stab: Distracted        |       |     1 |       |     4 ||     5
       Invisible         |       |     1 |       |     5 ||     6
       Paralysed         |       |     1 |       |       ||     1
  Eat: Chunk             |       |     3 |       |       ||     3
       Ration            |       |     1 |     2 |     5 ||     8
Armor: Scale mail        |    42 |    16 |       |       ||    58
       Chain mail        |       |    36 |    54 |    15 ||   105
       Plate armour      |       |       |       |    84 ||    84
Dodge: Dodged            |    30 |    17 |    26 |    64 ||   137
Block: Shield            |    49 |       |       |       ||    49
       Large shield      |    16 |   121 |   120 |   335 ||   592
